[Event "Titled Tuesday Blitz July 26 Late 2022"]
[White "Golubev, Mikhail"]
[Black "Ismagilov, Damir"]
[WhiteFideId "14100983"]
[BlackFideId "34199982"]
[WhiteElo "2374"]
[BlackElo "2138"]
[Result "1-0"]
[Round "09"]
[TimeControl "180+1"]
[Date "2022.07.26"]
[WhiteClock "0:00:36"]
[BlackClock "0:01:18"]

1. e4 c5 2. Nf3 Nc6 3. Nc3 Nf6 4. Bb5 Nd4 5. e5 Nxb5 6. Nxb5 Nd5 7. Ng5 e6 8. Ne4 f6 9. Nbd6+ Bxd6 10. Nxd6+ Kf8 11. O-O fxe5 12. f4 exf4 13. d4 cxd4 14. Bxf4 Nf6 15. Be5 Qe7 16. Qxd4 Kg8 17. Bxf6 gxf6 18. Rxf6 b6 19. Raf1 Ba6 20. R1f3 h6 21. Rg3+ Kh7 22. Qe4# 1-0


[Site "https://www.chess.com"]

[Event "Titled Tuesday Blitz July 26 Late 2022"]
[White "Goncalves, Davi Sulzbacher"]
[Black "Chiu, Isaac"]
[WhiteFideId "2154510"]
[BlackFideId "30900654"]
[WhiteElo "2107"]
[BlackElo "2181"]
[Result "1/2-1/2"]
[Round "09"]
[TimeControl "180+1"]
[Date "2022.07.27"]
[WhiteClock "0:00:09"]
[BlackClock "0:00:45"]

1. d4 c5 2. d5 g6 3. Nc3 Bg7 4. e4 Bxc3+ 5. bxc3 d6 6. h4 Nf6 7. Bh6 Nxe4 8. Qf3 f5 9. Bd3 Qa5 10. Ne2 Nf6 11. Bg7 Rg8 12. Bxf6 exf6 13. Qe3+ Kf7 14. Qh6 Rg7 15. h5 Nd7 16. hxg6+ hxg6 17. Qh8 Nf8 18. Kf1 Bd7 19. Re1 Re8 20. Qh2 b5 21. Qxd6 c4 22. Rh8 cxd3 23. Rxf8+ Rxf8 24. Qxd7+ Kg8 25. Qe6+ Rgf7 26. cxd3 Qxa2 27. Nf4 Kg7 28. Qc6 Qd2 29. Ne6+ Kg8 30. Nxf8 Qxd3+ 31. Kg1 Kxf8 32. d6 Kg7 33. Re7 Qd1+ 34. Kh2 Qh5+ 35. Kg1 Qd1+ 36. Kh2 Qh5+ 37. Kg1 Qd1+ 1/2-1/2


[Site "https://www.chess.com"]

[Event "Titled Tuesday Blitz July 26 Late 2022"]
[White "Grigoriants, Sergey"]
[Black "Martinez Alcantara, Jose Eduardo"]
[WhiteFideId "4130804"]
[BlackFideId "3805662"]
[WhiteElo "2502"]
[BlackElo "2703"]
[Result "1-0"]
[Round "09"]
[TimeControl "180+1"]
[Date "2022.07.26"]
[WhiteClock "0:00:26"]
[BlackClock "0:00:17"]

1. e4 e5 2. Nf3 Nf6 3. Nxe5 d6 4. Nd3 Nxe4 5. Qe2 Qe7 6. Nf4 Nf6 7. d4 Nc6 8. Be3 Bf5 9. Nc3 O-O-O 10. O-O-O d5 11. h3 h5 12. Nd3 g6 13. Nc5 Qe8 14. Qb5 Bxc5 15. Qxc5 Nd7 16. Qxd5 Bxc2 17. Rd2 Bf5 18. Qb5 Nb6 19. d5 Ne5 20. b3 Qxb5 21. Bxb5 f6 22. Rhd1 a6 23. Be2 Rhe8 24. d6 Ned7 25. g4 hxg4 26. hxg4 Be6 27. dxc7 Kxc7 28. Bf3 Ne5 29. Rxd8 Rxd8 30. Bxb6+ Kxb6 31. Rxd8 Nxf3 32. Rd6+ 1-0


[Site "https://www.chess.com"]

[Event "Titled Tuesday Blitz July 26 Late 2022"]
[White "Grischuk, Alexander"]
[Black "Oparin, Grigoriy"]
[WhiteFideId "4126025"]
[BlackFideId "24125890"]
[WhiteElo "2762"]
[BlackElo "2639"]
[Result "1-0"]
[Round "09"]
[TimeControl "180+1"]
[Date "2022.07.26"]
[WhiteClock "0:00:03"]
[BlackClock "0:00:06"]

1. d4 Nf6 2. c4 e6 3. Nc3 Bb4 4. e3 O-O 5. Bd3 c5 6. Nf3 Nc6 7. O-O Bxc3 8. bxc3 d6 9. e4 e5 10. h3 h6 11. a4 Rb8 12. Ra2 Bd7 13. d5 Ne7 14. Nh4 g5 15. Qf3 Nh7 16. Nf5 Nxf5 17. exf5 Re8 18. g4 Qf6 19. Be4 Kf8 20. a5 Ke7 21. Kg2 Kd8 22. Be3 Kc7 23. Rb2 Qd8 24. Qg3 Nf6 25. f3 Nxe4 26. fxe4 f6 27. h4 Rh8 28. Rh1 Qe7 29. Kf3 Rbg8 30. Rbh2 Qf8 31. Rh3 Ba4 32. Qh2 gxh4 33. Rxh4 Qg7 34. Qh3 Bb3 35. Rxh6 Rxh6 36. Bxh6 Qd7 37. Be3 Rg7 38. Qh6 Qf7 39. g5 fxg5 40. Qe6 g4+ 41. Kg3 Qd7 42. f6 Rf7 43. Rh6 Bxc4 44. Qxd7+ Kxd7 45. Kxg4 Bd3 46. Kf5 b5 47. axb6 axb6 48. Rh4 Rf8 49. Bh6 Ra8 50. f7 Ke7 51. f8=Q+ Rxf8+ 52. Bxf8+ Kxf8 53. Kf6 1-0


[Site "https://www.chess.com"]

[Event "Titled Tuesday Blitz July 26 Late 2022"]
[White "Haitin, Ilja"]
[Black "Altman, Joshua"]
[WhiteFideId "4501764"]
[BlackFideId "426210"]
[WhiteElo "2209"]
[BlackElo "1945"]
[Result "1-0"]
[Round "09"]
[TimeControl "180+1"]
[Date "2022.07.27"]
[WhiteClock "0:00:05"]
[BlackClock "0:00:16"]

1. d4 Nf6 2. Nf3 e6 3. Bg5 b6 4. e3 Bb7 5. Bd3 Be7 6. c3 O-O 7. Nbd2 c5 8. O-O cxd4 9. exd4 d6 10. Bxf6 Bxf6 11. Qe2 Nd7 12. Rfe1 h6 13. Bc2 Be7 14. Rad1 Nf6 15. Ne4 Nxe4 16. Bxe4 Bxe4 17. Qxe4 d5 18. Qg4 Bf6 19. Ne5 b5 20. a3 a5 21. Rd3 Bxe5 22. dxe5 g6 23. Rh3 Kg7 24. Ree3 Rc8 25. Qf4 h5 26. Reg3 Rc4 27. Qf3 Re4 28. Kf1 Rxe5 29. Rxh5 Rxh5 30. Qxh5 Qc7 31. Qe2 Qc4 32. Rd3 Rh8 33. h3 Rh4 34. Kg1 Re4 35. Qd2 b4 36. axb4 axb4 37. Rf3 bxc3 38. bxc3 Re2 39. Qg5 Re1+ 40. Kh2 f5 41. Rg3 f4 42. Qxg6+ Kf8 43. Qf6+ Ke8 44. Rg8+ Kd7 45. Qd8+ Kc6 46. Qc8+ Kb5 47. Qd7+ Kc5 48. Rc8+ Kb6 49. Rxc4 dxc4 50. Qd6+ Kb5 51. Qxf4 Rb1 52. Qe5+ Ka4 53. Qxe6 Kb3 54. Qe5 Rc1 55. h4 Rxc3 56. h5 Rd3 57. h6 c3 58. Qb5+ Kc2 59. h7 Rd8 60. Qf5+ Kb2 61. Qf6 Re8 62. h8=Q Rxh8+ 63. Qxh8 Kb1 64. Qxc3 Ka2 65. Qf3 Kb1 66. g4 Ka2 67. g5 Kb1 68. g6 Kc1 69. g7 Kd2 70. g8=Q Ke1 71. Qg1+ Kd2 72. Qgd1# 1-0


[Site "https://www.chess.com"]

[Event "Titled Tuesday Blitz July 26 Late 2022"]
[White "Helin, Mikael"]
[Black "Silvestre, Christian"]
[WhiteFideId "1703838"]
[BlackFideId "30956269"]
[WhiteElo "1787"]
[BlackElo "2317"]
[Result "0-1"]
[Round "09"]
[TimeControl "180+1"]
[Date "2022.07.27"]
[WhiteClock "0:00:09"]
[BlackClock "0:00:03"]

1. c4 c5 2. Nc3 Nc6 3. e4 e5 4. g3 g6 5. Bg2 Bg7 6. d3 Nge7 7. Be3 d6 8. Qd2 Rb8 9. Bh6 Bxh6 10. Qxh6 Ng8 11. Qd2 Nge7 12. Nge2 h6 13. h3 a6 14. O-O b5 15. f4 f6 16. g4 Ng8 17. b3 g5 18. fxe5 dxe5 19. Nd5 Be6 20. Ng3 Nd4 21. Nf5 Bxf5 22. exf5 Kf7 23. Ne3 Ne7 24. Rad1 h5 25. Nd5 hxg4 26. hxg4 Rh4 27. Nxe7 Kxe7 28. Bd5 Rxg4+ 29. Kf2 Rf4+ 30. Ke1 Qh8 31. Qg2 Qh4+ 32. Kd2 Rg4 33. Qf2 Rh8 34. Kc1 Qxf2 35. Rxf2 b4 36. Kb2 a5 37. a3 Rh3 38. axb4 axb4 39. Bg2 Rh2 40. Rdd2 Rf4 41. Rxf4 gxf4 42. Rf2 f3 43. Rf1 fxg2 44. Rg1 Nf3 45. Ra1 g1=Q# 0-1


[Site "https://www.chess.com"]

[Event "Titled Tuesday Blitz July 26 Late 2022"]
[White "Holt, Conrad"]
[Black "Salem, A.R. Saleh"]
[WhiteFideId "2034387"]
[BlackFideId "9301348"]
[WhiteElo "2586"]
[BlackElo "2679"]
[Result "0-1"]
[Round "09"]
[TimeControl "180+1"]
[Date "2022.07.26"]
[WhiteClock "0:00:02"]
[BlackClock "0:00:17"]

1. d4 d5 2. c4 e6 3. Nc3 Nf6 4. cxd5 exd5 5. Bg5 c6 6. e3 h6 7. Bh4 Be7 8. Bd3 O-O 9. Nf3 Re8 10. O-O Ne4 11. Bxe7 Qxe7 12. Ne5 Nd7 13. Nxd7 Bxd7 14. Qc2 h5 15. b4 h4 16. Bxe4 dxe4 17. h3 Rad8 18. Rab1 Bf5 19. Ne2 Rd6 20. b5 Rc8 21. Qc5 Qd7 22. Rfc1 b6 23. Qe5 Rd5 24. bxc6 Rxc6 25. Qb8+ Kh7 26. Rxc6 Qxc6 27. Rc1 Qd7 28. Qf4 Qd8 29. Nc3 g5 30. Qh2 Ra5 31. Rc2 b5 32. Ne2 b4 33. Nc1 Be6 34. g3 Bxa2 35. Rxa2 b3 36. Rxa5 b2 37. Rc5 b1=Q 38. gxh4 Qb4 39. Qe5 Qe1+ 40. Kg2 Qd1 41. Qf5+ Kg7 42. Qxe4 gxh4 43. Qe5+ Qf6 44. Qe4 Qg6+ 45. Qxg6+ fxg6 46. d5 Kh6 47. e4 Qd4 48. Ra5 Qxe4+ 49. Kf1 Qc4+ 50. Ne2 Qd3 51. Rxa7 Qd1+ 52. Kg2 Qxe2 53. Ra4 Qd1 54. Rg4 Kg7 55. Rxh4 Qxd5+ 56. Kh2 Qc5 57. Kg2 Qc6+ 58. Kh2 Qf3 59. Rg4 Qxf2+ 60. Rg2 Qf4+ 61. Kh1 Kh6 62. Rg4 Qf2 63. Rg2 Qe1+ 64. Kh2 Kh5 65. Rg3 Qf2+ 66. Rg2 Qf4+ 67. Kh1 g5 68. Kg1 Qe5 69. Kh1 Qe3 70. Kh2 Qf3 71. Rg4 Qd5 72. Kg3 Qd2 73. Kf3 Qh2 74. Rg3 Kh6 75. Kg4 Qf2 76. Rf3 Qg2+ 77. Rg3 Qe4# 0-1


[Site "https://www.chess.com"]

[Event "Titled Tuesday Blitz July 26 Late 2022"]
[White "Isajevsky, Anton"]
[Black "Rastbod, Ali"]
[WhiteFideId "4142500"]
[BlackFideId "12567477"]
[WhiteElo "2510"]
[BlackElo "2135"]
[Result "0-1"]
[Round "09"]
[TimeControl "180+1"]
[Date "2022.07.26"]
[WhiteClock "0:00:01"]
[BlackClock "0:00:55"]

1. c4 e5 2. g3 Nf6 3. Bg2 d5 4. cxd5 Nxd5 5. Nf3 Nc6 6. O-O Bc5 7. Nxe5 Nxe5 8. d4 Nb4 9. a3 Qxd4 10. Qxd4 Bxd4 11. axb4 O-O 12. Rd1 Bb6 13. Nc3 Ng4 14. e3 c6 15. b5 Ne5 16. bxc6 bxc6 17. Na4 Bg4 18. Rf1 Be2 19. Re1 Nf3+ 20. Bxf3 Bxf3 21. Nxb6 axb6 22. Rxa8 Rxa8 23. Bd2 c5 24. e4 Ra2 25. Bc3 b5 26. h3 b4 27. Be5 f6 28. Bd6 Rxb2 29. Bxc5 b3 30. g4 Rc2 31. Ba3 Ra2 32. Bb4 Bxe4 33. Bc3 Ra4 34. Kh2 Kf7 35. Kg3 Rc4 36. Re3 Bc2 37. Bb2 Ra4 0-1


[Site "https://www.chess.com"]

[Event "Titled Tuesday Blitz July 26 Late 2022"]
[White "Janaszak, Dawid"]
[Black "Miszler, Levente"]
[WhiteFideId "1119206"]
[BlackFideId "763276"]
[WhiteElo "2199"]
[BlackElo "1966"]
[Result "1-0"]
[Round "09"]
[TimeControl "180+1"]
[Date "2022.07.27"]
[WhiteClock "0:00:25"]
[BlackClock "0:00:09"]

1. d4 Nf6 2. c4 e5 3. dxe5 Ng4 4. h4 Nxe5 5. e4 d6 6. f4 Ng4 7. h5 Nc6 8. Be2 Nh6 9. g4 Ng8 10. Nc3 g6 11. Be3 Bg7 12. Qd2 Bd7 13. O-O-O Bxc3 14. Qxc3 Qf6 15. e5 dxe5 16. g5 Qe7 17. Nf3 O-O-O 18. fxe5 h6 19. e6 Qxe6 20. c5 Nge7 21. Bc4 Qg4 22. Be2 Qe4 23. Nd2 Qe5 24. gxh6 Qxc3+ 25. bxc3 Nf5 26. Bg5 Rde8 27. Bc4 Be6 28. hxg6 fxg6 29. Kc2 Bxc4 30. Nxc4 Ne5 31. Nxe5 Rxe5 32. Bf6 Ree8 33. Bxh8 Rxh8 34. h7 Ne3+ 35. Kd2 Nxd1 36. Kxd1 Kd7 37. Ke2 Ke7 38. Ke3 Kf6 39. Kf4 Kg7 40. Rb1 Rxh7 41. Rxb7 Kf6 42. Rxa7 g5+ 43. Ke4 Rh4+ 44. Kd5 Rh7 45. Kc6 g4 46. Ra8 Rg7 47. Rf8+ Ke5 48. Rf1 g3 49. a4 g2 50. Rg1 Kf4 51. a5 Kf3 52. a6 Kf2 53. Rxg2+ Kxg2 54. a7 Rg8 55. Kb7 Kf3 56. a8=Q Rxa8 57. Kxa8 Ke4 58. Kb7 Kd5 59. c6 Kd6 60. c4 Kc5 61. Kxc7 Kxc4 62. Kd7 Kb5 63. c7 Ka6 64. c8=Q+ Ka7 65. Qc2 Kb6 66. Kd6 Kb5 67. Qb3+ Ka6 68. Kc6 Ka7 69. Qb7# 1-0


[Site "https://www.chess.com"]

[Event "Titled Tuesday Blitz July 26 Late 2022"]
[White "Jarocka, Liwia"]
[Black "Capp, Stephen"]
[WhiteFideId "21807558"]
[BlackFideId "2027089"]
[WhiteElo "1840"]
[BlackElo "2220"]
[Result "1-0"]
[Round "09"]
[TimeControl "180+1"]
[Date "2022.07.27"]
[WhiteClock "0:00:46"]
[BlackClock "0:00:01"]

1. e4 e5 2. Nf3 d5 3. exd5 Bd6 4. d4 e4 5. Ne5 Nf6 6. Bc4 h6 7. O-O O-O 8. Nc3 Nbd7 9. Nxd7 Bxd7 10. Re1 Bf5 11. h3 a6 12. Bb3 b5 13. Ne2 Bg6 14. Bf4 Re8 15. Bxd6 Qxd6 16. Qd2 Nxd5 17. Bxd5 Qxd5 18. Nf4 Qd6 19. Nxg6 Qxg6 20. Re3 Qf6 21. Rae1 Qf5 22. c3 Rad8 23. Qc2 c5 24. dxc5 Qxc5 25. Rxe4 Rxe4 26. Rxe4 g6 27. Re1 Kg7 28. Rd1 Re8 29. Qd2 Qe5 30. a3 Kh7 31. Qd7 Re7 32. Qd6 Qe2 33. Qd2 Qe5 34. g3 Qf5 35. h4 Qf3 36. Re1 Rc7 37. Qe2 Qf5 38. Qe5 Qc8 39. Qf6 Qf8 40. Qxa6 Rc5 41. Qb6 Rf5 42. Qe3 Qd6 43. b3 Qxa3 44. c4 bxc4 45. bxc4 Qb4 46. Rc1 Qd6 47. c5 Qc6 48. Qd4 Rf3 49. Qd6 Qxd6 50. cxd6 Rd3 51. Rc6 Kg7 52. Kf1 Kf8 53. Ke2 Rd5 54. Ke3 Ke8 55. Ke4 Rd2 56. f4 Kd7 57. Rc7+ Kxd6 58. Rxf7 Rg2 59. Kf3 Rg1 60. Rf6+ Ke7 61. Rxg6 h5 62. Rg5 Rf1+ 63. Kg2 1-0


[Site "https://www.chess.com"]

[Event "Titled Tuesday Blitz July 26 Late 2022"]
[White "Jian, Alex"]
[Black "Van Dael, Siem"]
[WhiteFideId "30901022"]
[BlackFideId "1049771"]
[WhiteElo "2095"]
[BlackElo "2113"]
[Result "0-1"]
[Round "09"]
[TimeControl "180+1"]
[Date "2022.07.27"]
[WhiteClock "0:00:03"]
[BlackClock "0:00:12"]

1. Nf3 Nf6 2. b3 g6 3. Bb2 Bg7 4. e3 O-O 5. Be2 d6 6. d4 b6 7. O-O Bb7 8. c4 Ne4 9. Nbd2 Nxd2 10. Qxd2 Nd7 11. Rfe1 Nf6 12. d5 e6 13. dxe6 fxe6 14. Nd4 Qe7 15. Bf3 Ne4 16. Qc2 Nc5 17. Bxb7 Nxb7 18. Rad1 Nc5 19. b4 Nd7 20. Nb5 Bxb2 21. Qxb2 Ne5 22. Qc3 a6 23. Nd4 c5 24. Ne2 Qf6 25. f4 cxb4 26. Qxb4 Nf7 27. Qxb6 Rfb8 28. Qd4 e5 29. Qd5 a5 30. Rf1 e4 31. Qxe4 Re8 32. Qd5 Rac8 33. e4 Rc5 34. Qd4 Qe6 35. Ng3 Rxc4 36. Qa7 Rc2 37. Qxa5 Rxa2 38. Qc3 Rc8 39. Qf3 Rcc2 40. f5 Rxg2+ 41. Qxg2 Rxg2+ 42. Kxg2 gxf5 43. Nxf5 Qg6+ 44. Kh1 Kf8 45. Rg1 Qe6 46. Rde1 d5 47. Ng3 d4 48. Rd1 Ne5 49. Rxd4 Ke8 50. Rgd1 Nc6 51. Rd6 Qc4 52. R6d5 Qc2 53. R1d2 Qc1+ 54. Kg2 Nb4 55. Rd6 Nc2 56. Rf2 Ne3+ 57. Kf3 Nc4 58. Re6+ Kd7 59. Rf6 Qd1+ 60. Kg2 Ne3+ 61. Kh3 Qg4# 0-1


[Site "https://www.chess.com"]

[Event "Titled Tuesday Blitz July 26 Late 2022"]
[White "Kamsky, Gata"]
[Black "Fedoseev, Vladimir"]
[WhiteFideId "2000024"]
[BlackFideId "24130737"]
[WhiteElo "2645"]
[BlackElo "2726"]
[Result "1/2-1/2"]
[Round "09"]
[TimeControl "180+1"]
[Date "2022.07.26"]
[WhiteClock "0:00:12"]
[BlackClock "0:00:05"]

1. e4 c5 2. Nf3 d6 3. Nc3 e5 4. Bc4 Be7 5. d3 Nc6 6. Nd2 Nf6 7. Nf1 Bg4 8. f3 Be6 9. Ne3 O-O 10. O-O a6 11. a4 Nb4 12. Re1 Qd7 13. a5 Bd8 14. Bd2 Re8 15. Ncd5 Nbxd5 16. exd5 Bf5 17. b4 cxb4 18. Bxb4 b5 19. axb6 Bxb6 20. Kh1 Bg6 21. Qd2 Reb8 22. Bb3 Qc7 23. Nc4 Bc5 24. Bxc5 Qxc5 25. Ra5 Qc7 26. Rea1 Nd7 27. Rxa6 Rxa6 28. Rxa6 Nc5 29. Rc6 Qa7 30. h3 Nxb3 31. cxb3 h5 32. b4 Qd4 33. Qe3 Qxe3 34. Nxe3 Bxd3 35. Rxd6 Rxb4 36. Rd8+ Kh7 37. h4 Rxh4+ 38. Kg1 Rd4 39. Re8 f6 40. Kf2 Kg6 41. Re7 Bb1 42. Ke1 Ba2 43. Rd7 Bb3 44. Ke2 Ba4 45. Rb7 Be8 46. g4 hxg4 47. fxg4 Bf7 48. Rd7 e4 49. Nf5 Rd3 50. Ne3 Be8 51. Re7 Bb5 52. Rxe4 Rxd5+ 53. Kf2 Rd2+ 54. Kg3 Kf7 55. Nf5 g6 56. Rd4 Rb2 57. Nd6+ Ke6 58. Nxb5 Rxb5 59. Re4+ Kd5 60. Re8 Rb3+ 61. Kf2 g5 62. Re7 Rc3 63. Re8 Rc4 64. Kf3 Rf4+ 65. Kg3 Kd4 66. Ra8 Re4 67. Ra4+ Ke3 68. Ra3+ Kd2 69. Ra2+ Kc3 70. Ra3+ Kc4 71. Ra6 Re3+ 72. Kf2 Re4 73. Rxf6 Rxg4 74. Kf3 Rg1 75. Kf2 Rg4 76. Kf3 Rg1 77. Kf2 Rg4 1/2-1/2


[Site "https://www.chess.com"]

[Event "Titled Tuesday Blitz July 26 Late 2022"]
[White "Keller, Peter"]
[Black "Schekachikhin, Maksim"]
[WhiteFideId "1272105"]
[BlackFideId "24177830"]
[WhiteElo "2275"]
[BlackElo "2239"]
[Result "1-0"]
[Round "09"]
[TimeControl "180+1"]
[Date "2022.07.26"]
[WhiteClock "0:01:07"]
[BlackClock "0:02:24"]

1. e4 c5 2. Nf3 a6 3. c3 d5 4. exd5 Qxd5 5. d4 Bg4 6. dxc5 Qxd1+ 7. Kxd1 Bxf3+ 8. gxf3 e6 9. b4 a5 10. Bb5+ Nc6 11. Kc2 Nf6 12. Bb2 Nd5 13. a3 Be7 14. c4 Nf6 15. Nd2 O-O 16. Bxc6 bxc6 17. Ne4 Nh5 18. Rhg1 Rfb8 19. Bc3 g6 20. Rgd1 Nf4 21. Rd7 Kf8 22. Kb3 Ke8 23. Rad1 axb4 24. axb4 f5 25. Nf6+ Bxf6 26. Bxf6 1-0


[Site "https://www.chess.com"]

[Event "Titled Tuesday Blitz July 26 Late 2022"]
[White "Kopczynski, Michal"]
[Black "Fishbein, Alexander"]
[WhiteFideId "1124200"]
[BlackFideId "2000377"]
[WhiteElo "2235"]
[BlackElo "2410"]
[Result "1-0"]
[Round "09"]
[TimeControl "180+1"]
[Date "2022.07.26"]
[WhiteClock "0:00:08"]
[BlackClock "0:00:01"]

1. e4 c5 2. d4 cxd4 3. c3 dxc3 4. Nxc3 Nc6 5. f4 e6 6. Nf3 Bb4 7. Bd3 Nf6 8. O-O O-O 9. Kh1 Bxc3 10. bxc3 d5 11. e5 Ne4 12. Qe1 f5 13. exf6 Qxf6 14. Ba3 Re8 15. Bxe4 dxe4 16. Qxe4 Qxc3 17. Ng5 g6 18. Bd6 Qd4 19. Qxd4 Nxd4 20. Ne4 b5 21. Rac1 Rd8 22. Be7 Rd7 23. Nf6+ Kf7 24. Nxd7 Kxe7 25. Ne5 Nf5 26. Rc7+ Kd6 27. Rfc1 a5 28. Rxc8 Ra7 29. R8c6+ Kd5 30. Rc7 Ra6 31. Rxh7 Ke4 32. Nxg6 b4 33. h3 Rd6 34. h4 Rd2 35. h5 Rxa2 36. Re1+ Ne3 37. h6 Kd3 38. Rd7+ Ke4 39. h7 1-0


[Site "https://www.chess.com"]

[Event "Titled Tuesday Blitz July 26 Late 2022"]
[White "Korchmar, Vasiliy"]
[Black "Hafiz, Arif Abdul"]
[WhiteFideId "24131750"]
[BlackFideId "7104227"]
[WhiteElo "2370"]
[BlackElo "2198"]
[Result "0-1"]
[Round "09"]
[TimeControl "180+1"]
[Date "2022.07.26"]
[WhiteClock "0:00:06"]
[BlackClock "0:01:35"]

1. e4 Nc6 2. Nf3 e5 3. Nc3 Nf6 4. h3 Bb4 5. Nd5 Nxd5 6. exd5 e4 7. dxc6 exf3 8. Qxf3 Qe7+ 9. Kd1 dxc6 10. Bc4 O-O 11. Re1 Qc5 12. b3 Bf5 13. a3 Ba5 14. Bb2 Rad8 15. Re2 b5 16. b4 Bxc2+ 17. Kxc2 Qxc4+ 18. Bc3 Bb6 19. Re4 Qd5 20. Rg4 f6 21. Qg3 Rd7 22. Re1 Qf5+ 23. Kb2 Bxf2 0-1


[Site "https://www.chess.com"]

[Event "Titled Tuesday Blitz July 26 Late 2022"]
[White "Kovacevic, Radmila"]
[Black "Omariev, Maksim"]
[WhiteFideId "933171"]
[BlackFideId "4193423"]
[WhiteElo "2157"]
[BlackElo "2497"]
[Result "0-1"]
[Round "09"]
[TimeControl "180+1"]
[Date "2022.07.27"]
[WhiteClock "0:00:06"]
[BlackClock "0:00:02"]

1. e4 c5 2. Nf3 d6 3. d4 cxd4 4. Nxd4 Nf6 5. Nc3 a6 6. Rg1 b5 7. g4 Bb7 8. Bg2 e6 9. g5 Nfd7 10. a3 Be7 11. h4 Nb6 12. h5 Bxg5 13. Qg4 Bxc1 14. Rxc1 Qf6 15. Nce2 Ra7 16. b3 O-O 17. Bf3 N8d7 18. h6 g6 19. Bh1 d5 20. f3 e5 21. Nf5 Kh8 22. Ng7 Nc5 23. Ng3 Bc8 24. N3f5 Rc7 25. Qg3 Nd3+ 26. Kd2 Nxc1 27. Kxc1 Be6 28. Nh5 Qd8 29. Qxe5+ f6 30. Qxe6 dxe4 31. Ne3 Nd7 32. Ng7 Nc5 33. Qd5 Qc8 34. Kb2 Rd8 0-1


[Site "https://www.chess.com"]

[Event "Titled Tuesday Blitz July 26 Late 2022"]
[White "Kravtsiv, Martyn"]
[Black "Zhu, Jiner"]
[WhiteFideId "14113147"]
[BlackFideId "8608059"]
[WhiteElo "2694"]
[BlackElo "2281"]
[Result "1-0"]
[Round "09"]
[TimeControl "180+1"]
[Date "2022.07.26"]
[WhiteClock "0:00:34"]
[BlackClock "0:00:04"]

1. e4 c6 2. Nf3 d5 3. d3 g6 4. e5 Bg7 5. d4 c5 6. dxc5 Nc6 7. Nc3 Be6 8. Bb5 a6 9. Bxc6+ bxc6 10. O-O Bg4 11. Re1 e6 12. Na4 Ne7 13. h3 Bxf3 14. Qxf3 O-O 15. Nb6 Ra7 16. Bg5 h6 17. Bxe7 Qxe7 18. b4 f6 19. Qg3 fxe5 20. Qxg6 e4 21. Rad1 Qg5 22. Qxg5 hxg5 23. Re3 Raf7 24. Rd2 Be5 25. Ra3 e3 26. Rxe3 Bf4 27. Ree2 Bxd2 28. Rxd2 Rf4 29. c3 R8f7 30. a4 Kg7 31. g3 Re4 32. Nc8 Rf3 33. Ne7 Rxc3 34. Nxc6 Re1+ 35. Kg2 Ra1 36. a5 Kf6 37. Re2 Rc4 38. Rd2 Rc3 39. h4 gxh4 40. gxh4 Rc4 41. h5 Ra3 42. Rb2 Rg4+ 43. Kf1 Rh3 44. Ra2 Rxh5 45. b5 axb5 46. a6 Rh8 47. a7 Ra8 48. Ra5 b4 49. Rb5 Rc4 50. Rb8 Rc1+ 51. Ke2 Rxa7 52. Nxa7 Rxc5 53. Rxb4 Ke5 54. Nb5 Kf5 55. Nd4+ Ke5 56. f4+ Kf6 57. Rb6 Rc4 58. Ke3 Rc3+ 59. Kd2 Rc4 60. Kd3 Kf7 61. Nxe6 Ra4 62. Nd4 Ra3+ 63. Rb3 Ra4 64. Ke3 Kf6 65. Rb6+ Kf7 66. Rd6 Ke7 67. Rxd5 Rc4 68. Ke4 1-0


[Site "https://www.chess.com"]

[Event "Titled Tuesday Blitz July 26 Late 2022"]
[White "Krstulovic, Alex"]
[Black "Floresvillar Gonzalez, Luis Migu"]
[WhiteFideId "760056"]
[BlackFideId "5100542"]
[WhiteElo "2244"]
[BlackElo "2040"]
[Result "1-0"]
[Round "09"]
[TimeControl "180+1"]
[Date "2022.07.27"]
[WhiteClock "0:00:43"]
[BlackClock "0:00:23"]

1. e4 e6 2. d4 d5 3. e5 c5 4. c3 Nc6 5. Nf3 Qb6 6. Be2 Bd7 7. O-O cxd4 8. cxd4 Nge7 9. Na3 a6 10. Nc2 Nf5 11. b4 Be7 12. Rb1 O-O 13. g4 Nh4 14. Nxh4 Bxh4 15. f4 Be7 16. Be3 f6 17. exf6 Bxf6 18. g5 Be7 19. Bd3 g6 20. h4 Qc7 21. h5 gxh5 22. Qxh5 Rf5 23. Bxf5 exf5 24. g6 hxg6 25. Qxg6+ Kf8 26. Qh6+ Ke8 27. Rbe1 Kd8 28. Bf2 Qd6 29. Qh8+ Be8 30. Bh4 Bxh4 31. Rxe8+ Kc7 32. Rxa8 Bf6 33. Qh7+ Kb6 34. Qh2 Nxd4 35. Nxd4 Bxd4+ 36. Kh1 Qe6 37. a4 Qe4+ 38. Qg2 Qe6 39. Rd1 Qh6+ 40. Qh2 Qg7 41. Rxd4 Qxd4 42. Qg1 Qxg1+ 43. Kxg1 Kc6 44. Kf2 d4 45. Ke2 Kd5 46. Kd3 1-0


[Site "https://www.chess.com"]

[Event "Titled Tuesday Blitz July 26 Late 2022"]
[White "Lashkin, Jegor"]
[Black "Wu, Rochelle"]
[WhiteFideId "13907808"]
[BlackFideId "30908132"]
[WhiteElo "2368"]
[BlackElo "2168"]
[Result "1-0"]
[Round "09"]
[TimeControl "180+1"]
[Date "2022.07.26"]
[WhiteClock "0:00:17"]
[BlackClock "0:00:04"]

1. d4 g6 2. c4 Bg7 3. Nf3 Nf6 4. Nc3 d5 5. Bg5 Ne4 6. Bf4 Nxc3 7. bxc3 c6 8. e3 O-O 9. Bd3 Qa5 10. Qb3 dxc4 11. Bxc4 b5 12. Be2 Be6 13. Qc2 Nd7 14. Ng5 Bf5 15. e4 h6 16. exf5 hxg5 17. Bd2 gxf5 18. Qxf5 Nf6 19. O-O e6 20. Qxg5 Ne4 21. Qf4 Nxc3 22. Bd3 Nd5 23. Qg5 Qd8 24. Qh5 f5 25. Rac1 Rc8 26. Rfe1 Qf6 27. Qf3 Rfe8 28. Be3 f4 29. Bd2 Qxd4 30. Rcd1 Nf6 31. Bxf4 Qc5 32. Be5 Rf8 33. Qh3 Ne4 34. Bxe4 Qxf2+ 35. Kh1 1-0


[Site "https://www.chess.com"]

[Event "Titled Tuesday Blitz July 26 Late 2022"]
[White "Leitao, Rafael"]
[Black "Chen, Justin"]
[WhiteFideId "2101246"]
[BlackFideId "2098199"]
[WhiteElo "2609"]
[BlackElo "2289"]
[Result "1-0"]
[Round "09"]
[TimeControl "180+1"]
[Date "2022.07.26"]
[WhiteClock "0:00:27"]
[BlackClock "0:00:01"]

1. c4 e6 2. g3 d5 3. Bg2 Nf6 4. Nf3 dxc4 5. Qa4+ Nbd7 6. Qxc4 c5 7. Qc2 Qc7 8. O-O b6 9. d4 Bb7 10. Rd1 Rc8 11. Nc3 cxd4 12. Rxd4 Bc5 13. Rd1 O-O 14. h3 h6 15. Bf4 e5 16. Nxe5 Nxe5 17. Bxb7 Qxb7 18. Bxe5 Qe7 19. Qf5 Rc6 20. e3 g6 21. Qf3 1-0


[Site "https://www.chess.com"]

[Event "Titled Tuesday Blitz July 26 Late 2022"]
[White "Leiva, Gianmarco"]
[Black "Howell, David W L"]
[WhiteFideId "3804399"]
[BlackFideId "410608"]
[WhiteElo "2323"]
[BlackElo "2559"]
[Result "0-1"]
[Round "09"]
[TimeControl "180+1"]
[Date "2022.07.26"]
[WhiteClock "0:00:01"]
[BlackClock "0:00:11"]

1. d4 d5 2. Bf4 c5 3. e3 cxd4 4. exd4 Nc6 5. c3 g6 6. Bd3 Bg7 7. Nd2 Nh6 8. Ngf3 f6 9. O-O O-O 10. c4 Be6 11. Rc1 Rc8 12. Re1 Bf7 13. cxd5 Bxd5 14. Ne4 Nf5 15. Nc3 Bxf3 16. Qxf3 Nfxd4 17. Qh3 e5 18. Be3 f5 19. Rcd1 Kh8 20. Nb5 Nxb5 21. Bxb5 Qe7 22. Rc1 Qe6 23. Bc5 Rfd8 24. Bc4 Qf6 25. Qa3 a6 26. Bb6 Rd7 27. Qb3 Re8 28. Rcd1 Rxd1 29. Qxd1 e4 30. Qd7 Rb8 31. Bc7 Ne5 32. Bxe5 Qxe5 33. Bb3 Qxb2 34. Rd1 h5 35. Qf7 Qf6 36. Qc7 Qe5 37. Qf7 Kh7 38. Rd7 Rc8 39. g3 b5 40. Re7 Qa1+ 41. Kg2 Rc6 42. Qg8+ Kh6 43. Re6 Rxe6 44. Qxe6 Qf6 45. Qe8 h4 46. h3 hxg3 47. Kxg3 Qe5+ 48. Kg2 Qxe8 0-1


[Site "https://www.chess.com"]

[Event "Titled Tuesday Blitz July 26 Late 2022"]
[White "Lewtak, Damian"]
[Black "Alexiadis, Hristos"]
[WhiteFideId "1141724"]
[BlackFideId "4249623"]
[WhiteElo "2359"]
[BlackElo "2416"]
[Result "1-0"]
[Round "09"]
[TimeControl "180+1"]
[Date "2022.07.26"]
[WhiteClock "0:00:14"]
[BlackClock "0:00:01"]

1. e4 c5 2. Nf3 d6 3. Bb5+ Nd7 4. O-O a6 5. Bd3 Ngf6 6. c3 b5 7. Bc2 Bb7 8. Qe2 e6 9. d4 Be7 10. a4 b4 11. e5 Bxf3 12. gxf3 dxe5 13. dxe5 Nh5 14. f4 g6 15. Qe4 O-O 16. Nd2 Nb6 17. Nc4 Nxc4 18. Qxc4 Qb8 19. Be3 Rc8 20. Be4 Ra7 21. cxb4 cxb4 22. Bxa7 Rxc4 23. Bxb8 Rxe4 24. Bd6 Bh4 25. Rac1 h6 26. b3 Nxf4 27. Rc4 Ne2+ 28. Kg2 Rxc4 29. bxc4 a5 30. c5 Nd4 31. Rd1 Nc6 32. Bc7 Be7 33. Bd6 Bh4 34. f4 g5 35. Kf3 Kg7 36. Ke4 Kg6 37. Bc7 Bf2 38. Rd6 Ne7 39. Bd8 Nf5 40. Rc6 gxf4 41. Kxf4 b3 42. Rb6 Bxc5 43. Rxb3 Bb4 44. Ke4 1-0


[Site "https://www.chess.com"]